 Dungeon Crawl Stone Soup version 0.18.1-5-g4a78601 (webtiles) character file.

313 LORDOFBUTT the Ducker (level 6, -6/46 HPs)
             Began as a Demonspawn Gladiator on May 11, 2016.
             Killed by nerve-wracking pain
             ... invoked by an orc priest
              (11 damage)
             ... on level 3 of the Dungeon.
             The game lasted 00:03:22 (2650 turns).

LORDOFBUTT the Ducker (Demonspawn Gladiator)        Turns: 2650, Time: 00:03:22

Health: -6/46      AC:  4    Str: 15    XL:     6   Next: 19%
Magic:  6/6        EV: 15    Int:  9    God:
Gold:   174        SH:  0    Dex: 16    Spells: 0 memorised, 5 levels left

rFire  . . .     SeeInvis .     a - +0 rapier
rCold  . . .     Gourm    .     b - +0 leather armour
rNeg   . . .     Faith    .     (no shield)
rPois  .         Spirit   .     (helmet restricted)
rElec  .         Dismiss  .     g - +0 cloak
rCorr  .         Reflect  .     (no gloves)
SustAt .         Harm     .     (no boots)
MR     .....                    (no amulet)
Stlth  +++.......               (no ring)
                                (no ring)

@: not resistant to hostile enchantments, fairly stealthy
A: horns 2, repulsion field 1, nightstalker 1
a: no special abilities


You were on level 3 of the Dungeon.
You were not hungry.

You visited 1 branch of the dungeon, and saw 3 of its levels.

You collected 174 gold pieces.

Inventory:

Hand Weapons
 a - a +0 rapier (weapon)
Missiles
 d - 3 throwing nets (quivered)
Armour
 b - a +0 leather armour (worn)
 g - a +0 cloak (worn)
Jewellery
 m - an uncursed ring of ice
Scrolls
 k - a scroll of recharging {unknown}
 q - 3 scrolls of identify {unknown}
 s - 2 scrolls of remove curse {unknown}
Potions
 e - a potion of berserk rage {unknown}
 h - 2 potions of curing {unknown}
 j - a potion of flight {unknown}
 l - a potion of heal wounds {unknown}
 o - 2 potions of agility {unknown}
 p - a potion of cancellation {unknown}
 t - 2 potions of might {unknown}
Comestibles
 f - a bread ration
 i - 4 meat rations
 n - a slice of pizza
 r - a beef jerky


   Skills:
 + Level 2.7 Fighting
 + Level 3.3 Short Blades
 + Level 1.8 Throwing
 + Level 2.3 Armour
 + Level 3.7 Dodging
 * Level 3.4 Stealth


You had 5 spell levels left.
You didn't know any spells.

Dungeon Overview and Level Annotations

Branches:
Dungeon (3/15)

Altars:
Fedhas
Okawaru
Yredelemnul


Innate Abilities, Weirdness & Mutations

You have a pair of horns on your head.
You are surrounded by a mild repulsion field (EV +2).
You are slightly more attuned to the shadows.


Message History

You hit the orc priest.
The orc priest is almost dead.
The orc priest hits you but does no damage.
You barely miss the orc priest. You headbutt the orc priest.
You kill the orc priest!
You hit the orc priest.
The orc priest is moderately wounded.
The orc priest closely misses you.
You hit the orc priest.
The orc priest is moderately wounded.
The orc priest hits you with a hand axe.
* * * LOW HITPOINT WARNING * * *
You hit the orc priest.
The orc priest is moderately wounded.
The orc priest barely misses you.
You hit the orc priest. Your headbutt misses the orc priest.
The orc priest is heavily wounded.
The orc priest invokes the aid of Beogh against you.
Pain shoots through your body!
You die...

##.# #..# #.# #.#
#... ###.# #.# #.#
# #.... #.# ##)##
###.... #.#
##...## .......
##.####### .....
>##.... .........#
... # #....
##.#####.# #o#
####. #.# #.# #@#
#. #># #.# #.#
######. #.# #.#
#.# ....... #.#
#.# #.# ######.
#.# #.# #.# #. #.#
#.# #.# #[ #.##
#.#######.# #.
#..# ##.<.......#
#.
###.###..#########
#######.


You could see an orc priest.

Vanquished Creatures
  A centaur (D:3)
  2 orc priests (D:3)
  An orc wizard (D:3)
  7 adders
  A worm (D:2)
  2 dart slugs
  A giant gecko (D:1)
  4 orcs (D:3)
  5 giant cockroaches
  14 goblins
  14 hobgoblins
  2 jackals (D:2)
  A ball python (D:2)
  7 bats
  4 giant newts
  4 kobolds
  6 rats
76 creatures vanquished.

Notes
Turn   | Place    | Note
--------------------------------------------------------------
     0 | D:1      | LORDOFBUTT the Demonspawn Gladiator began the quest for the Orb.
     0 | D:1      | Reached XP level 1. HP: 16/16 MP: 1/1
   269 | D:1      | Gained mutation: You are slightly more attuned to the shadows. [demonic ancestry]
   269 | D:1      | Reached XP level 2. HP: 18/22 MP: 2/2
   998 | D:2      | Gained mutation: You have a pair of small horns on your head. [demonic ancestry]
   998 | D:2      | Reached XP level 3. HP: 27/27 MP: 3/3
  1043 | D:2      | Reached skill level 1 in Stealth
  1846 | D:2      | Found a basalt altar of Yredelemnul.
  1863 | D:2      | Gained mutation: You are surrounded by a mild repulsion field (EV +2). [demonic ancestry]
  1863 | D:2      | Reached XP level 4. HP: 29/33 MP: 4/4
  1939 | D:3      | Reached skill level 1 in Armour
  2103 | D:3      | Noticed a centaur
  2114 | D:3      | Killed a centaur
  2114 | D:3      | Reached XP level 5. HP: 15/39 MP: 5/5
  2133 | D:3      | Found an iron altar of Okawaru.
  2141 | D:3      | Found a blossoming altar of Fedhas.
  2636 | D:3      | Gained mutation: You have a pair of horns on your head. [demonic ancestry]
  2636 | D:3      | Reached XP level 6. HP: 22/46 MP: 6/6
  2650 | D:3      | Killed from afar by an orc priest

Skill      XL: |  1  2  3  4  5 |
---------------+----------------+-----
Dodging        | 3 |  3.7
Short Blades   | 3 |  3.3
Stealth        | 1 3 |  3.4
Armour         | 1 2 |  2.3
Fighting       | |  2.7
Throwing       | |  1.8

Action                   |  1- 3 |  4- 6 || total
-------------------------+-------+-------++-------
Melee: Rapier            |   153 |    98 ||   251
       Headbutt          |     7 |    26 ||    33
 Stab: Sleeping          |     8 |     8 ||    16
  Eat: Fruit             |     4 |       ||     4
       Pizza             |     2 |       ||     2
Armor: Leather armour    |    40 |    12 ||    52
Dodge: Dodged            |   113 |    51 ||   164
